 Dungeon Crawl Stone Soup version 0.22.0-6-g71bd7aa6b3 (webtiles) character file.

1433 Vro the Spear-Bearer (level 8, -1/68 HPs)
             Began as a Minotaur Berserker on Aug 15, 2018.
             Was a Priest of Trog.
             Slain by a wight
             ... wielding a cursed +4 great sword
              (4 damage)
             ... on level 6 of the Dungeon.
             The game lasted 00:56:58 (4351 turns).

Vro the Spear-Bearer (Minotaur Berserker)           Turns: 4351, Time: 00:56:59

Health: -1/68      AC: 11    Str: 22    XL:     8   Next: 45%
Magic:  0/7        EV:  8    Int:  4    God:    Trog [***...]
Gold:   228        SH:  0    Dex: 10    Spells: 7/7 levels left

rFire    . . .     SeeInvis .   a - +0 scythe
rCold    . . .     Gourm    .   (shield currently unavailable)
rNeg     . . .     Faith    .   i - +0 chain mail
rPois    +         Spirit   +   (helmet restricted)
rElec    .         Reflect  .   (no cloak)
rCorr    .         Harm     .   s - +0 pair of gloves
MR       .....                  l - +0 pair of boots
Stlth    ..........             e - amulet of guardian spirit
HPRegen  0.21/turn              (no ring)
MPRegen  0.10/turn              k - ring of poison resistance

@: berserk cooldown, slowed, heavily drained, very slow
A: retaliatory headbutt, horns 2, weak 1, evolution 1
a: Berserk, Trog's Hand, Renounce Religion


You were on level 6 of the Dungeon.
You worshipped Trog.
Trog was most pleased with you.
You were very hungry.

You visited 1 branch of the dungeon, and saw 6 of its levels.

You collected 228 gold pieces.

Inventory:

Hand Weapons
 a - a +0 scythe (weapon)
 b - a +0 shortbow
 q - a +1 spear
Missiles
 d - 60 arrows
 r - 4 tomahawks (quivered)
Armour
 i - a +0 chain mail (worn)
 l - a +0 pair of boots (worn)
 s - a +0 pair of gloves (worn)
 u - a +1 animal skin
Jewellery
 e - an amulet of guardian spirit (around neck)
 k - a ring of poison resistance (right hand)
Wands
 g - a wand of acid (8)
 w - a wand of random effects (25)
Scrolls
 m - 3 scrolls of remove curse
Potions
 h - 3 potions of haste
 j - 3 potions of curing
 n - a potion of ambrosia {unknown}
 o - 2 potions of invisibility
 p - a potion of flight {unknown}
 v - a potion of lignification {unknown}
 x - a potion of heal wounds {unknown}
Comestibles
 c - 4 rations


   Skills:
 + Level 5.3(3.2) Fighting
 + Level 8.3(6.0) Polearms
 + Level 2.4(0.5) Bows
 + Level 3.6(1.6) Throwing
 + Level 6.5(4.3) Armour
 + Level 3.9(1.9) Dodging
 + Level 1.0(0.0) Stealth


You had 7 spell levels left.
You didn't know any spells.
Your spell library was empty.

Dungeon Overview and Level Annotations

Branches:
Dungeon (6/15)             Temple (0/1) D:4

Altars:
Kikubaaqudgha
Nemelex Xobeh
Trog
Xom
Yredelemnul
The Shining One


Innate Abilities, Weirdness & Mutations

You reflexively headbutt those who attack you in melee.
You have a pair of horns on your head.
You are weak. (Str -2)
You evolve.


Message History

The wight hits you from afar with a halberd of distortion.
You feel drained. Space bends around you.
The wight hits you with an enchanted great sword.
As you read the scroll of teleportation, it crumbles to dust.
You feel strangely stable. The wight barely misses you.
The wight hits you with an enchanted great sword.
You feel drained. The wight barely misses you. You furiously retaliate!
You headbutt the wight. The wight completely misses you.
The wight hits you but does no damage. Space bends around you.
Okay, then.
The wight hits you with an enchanted great sword!
* * * LOW HITPOINT WARNING * * *
You feel drained.
* * * LOW HITPOINT WARNING * * *
The wight barely misses you.
The wight hits you with an enchanted great sword!
* * * LOW HITPOINT WARNING * * *
You feel drained.
You die...

#.# ... #.# #######.
#.# ........
#.#########.
#######...........
#.......#########)
#.......# #.
#zzz....# #.
#@......# #.
#.......#########.
+.......'.(.......
#.......##########
#.......# #.......#
#.......# ####
###############
#...#########.......#


You could see 3 wights.

Vanquished Creatures
  Sigmund (D:3)
  A water moccasin (D:6)
  A sky beast (D:5)
  An ice beast (D:5)
  A centaur (D:5)
  A bullfrog (D:6)
  A wight (D:6)
  3 crimson imps
  4 orc priests
  2 hounds (D:5)
  8 orc wizards
  Natasha (D:3)
  2 worker ants (D:4)
  2 hound skeletons (D:5)
  3 gnolls (D:5)
  4 adders
  2 worms
  12 dart slugs
  2 leopard geckos
  21 orcs
  4 giant cockroaches
  4 goblins
  7 hobgoblins
  8 jackals
  5 kobolds
  2 quokkas
  A ball python (D:5)
  5 bats
  5 frilled lizards
  A jackal skeleton (D:4)
  7 rats
122 creatures vanquished.

Notes
Turn   | Place    | Note
-------+----------+-------------------------------------------
     0 | D:1      | Vro the Minotaur Berserker began the quest for the Orb.
     0 | D:1      | Reached XP level 1. HP: 19/19 MP: 0/0
   270 | D:1      | Gained mutation: You are weak. (Str -2) [potion of mutation]
   270 | D:1      | Gained mutation: Your flesh is cold resistant. (rC+) [potion of mutation]
   555 | D:1      | Reached XP level 2. HP: 25/27 MP: 1/1
   649 | D:2      | Found an ancient bone altar of Kikubaaqudgha.
   965 | D:2      | Reached skill level 4 in Polearms
  1072 | D:2      | Reached XP level 3. HP: 32/34 MP: 2/2
  1332 | D:2      | Found a shimmering altar of Xom.
  1474 | D:3      | Reached ** piety under Trog
  1616 | D:3      | Noticed Sigmund
  1646 | D:3      | Killed Sigmund
  1646 | D:3      | Reached skill level 5 in Polearms
  1646 | D:3      | Reached XP level 4. HP: 20/41 MP: 0/3
  1646 | D:3      | Reached XP level 5. HP: 23/47 MP: 0/4
  1813 | D:3      | Reached XP level 6. HP: 54/55 MP: 5/5
  1833 | D:3      | Found a glowing golden altar of the Shining One.
  2059 | D:3      | Noticed Natasha
  2065 | D:3      | Killed Natasha
  2070 | D:3      | Found a bloodstained altar of Trog.
  2344 | D:4      | Reached skill level 6 in Polearms
  2815 | D:4      | Reached XP level 7. HP: 52/60 MP: 3/6
  3268 | D:4      | Found a staircase to the Ecumenical Temple.
  3301 | D:4      | Reached skill level 5 in Armour
  3315 | D:5      | Entered Level 5 of the Dungeon
  3428 | D:5      | Found a basalt altar of Yredelemnul.
  3454 | D:5      | Reached *** piety under Trog
  3454 | D:5      | Reached skill level 5 in Fighting
  3545 | D:5      | Lost mutation: Your flesh is cold resistant. (rC+) [potion of mutation]
  3545 | D:5      | Lost mutation: You are weak. (Str -2) [potion of mutation]
  3545 | D:5      | Gained mutation: You are weak. (Str -2) [potion of mutation]
  3545 | D:5      | Gained mutation: You evolve. [potion of mutation]
  3547 | D:5      | Found a sparkling altar of Nemelex Xobeh.
  3692 | D:5      | Reached skill level 7 in Polearms
  4015 | D:5      | Reached skill level 1 in Bows
  4015 | D:5      | Reached XP level 8. HP: 60/68 MP: 7/7
  4131 | D:6      | Reached skill level 8 in Polearms
  4131 | D:6      | Reached skill level 1 in Stealth
  4351 | D:6      | HP: 3/68 [wight/enchanted great sword (8)]
  4351 | D:6      | Slain by a wight

Skill      XL: |  1  2  3  4  5  6  7  8 |
---------------+-------------------------+-----
Fighting       | 4 5 |  5.3
Polearms       | 4 5 6 7 8 |  8.3
Throwing       | 2 3 |  3.6
Armour         | 3 4 6 |  6.5
Dodging        | 3 |  3.9
Bows           | 1 2 |  2.4
Stealth        | 1 |  1.0

Action                   |  1- 3 |  4- 6 |  7- 9 || total
-------------------------+-------+-------+-------++-------
Melee: Spear             |   132 |    32 |       ||   164
       Headbutt          |    16 |    19 |    14 ||    49
       Scythe            |       |    73 |   129 ||   202
 Fire: Shortbow          |       |       |    32 ||    32
Throw: Stone             |    52 |    67 |     9 ||   128
Invok: Trog's Hand       |     1 |     1 |       ||     2
       Berserk           |       |     1 |     2 ||     3
  Use: Scroll            |     9 |     2 |     5 ||    16
       Potion            |     2 |       |     1 ||     3
  Eat: Ration            |     1 |     2 |     1 ||     4
Armor: Animal skin       |    13 |       |       ||    13
       Chain mail        |    21 |    58 |   104 ||   183
Dodge: Dodged            |    52 |    57 |    69 ||   178
